 Dungeon Crawl Stone Soup version 0.30-a0-626-gd6a5dd7a1f (webtiles) character file.

Game seed: 8254146033204406357

27 mandoloar the Caller (level 2, -3/9 (11) HPs)
             Began as a Felid Summoner on Jan 12, 2023.
             Slain by Terence
             ... wielding the +7 Throatcutter {drain, coup de grace}
              (4 damage)
             ... on level 1 of the Dungeon.
             The game lasted 00:03:46 (1489 turns).

mandoloar the Caller (Felid Summoner)               Turns: 1489, Time: 00:03:47

HP:   -3/9 (11)     AC:  1    Str:  4    XL:     2   Next: 93%
MP:   3/6           EV: 17    Int: 16    God:
Gold: 45            SH:  0    Dex: 16    Spells: 3/6 levels left
                                        Lives: 0   Deaths: 0

rFire   . . .      SeeInvis +    (weapon unavailable)
rCold   . . .      Faith    .    (shield unavailable)
rNeg    . . .      Spirit   .    (body armour unavailable)
rPois   .          Reflect  .    (helmet unavailable)
rElec   .          Harm     .    (cloak unavailable)
rCorr   .          Rampage  .    (gloves unavailable)
Will    .....                    (boots unavailable)
Stlth   ++                       (no amulet)
HPRegen 0.21/turn                (no ring)
MPRegen 0.10/turn                (no ring)

@: heavily drained, quick
A: very small, claws 1, fangs 3, see invisible, speed 1, shaggy fur 1, stealthy
paws, no weapons or thrown items, no armour, multi-lived
a: no special abilities


You were on level 1 of the Dungeon.
You visited 1 branch of the dungeon, and saw 2 of its levels.

You collected 45 gold pieces.

Inventory:

Potions
 a - a potion of magic
 b - a potion of curing
 e - a potion of berserk rage
 g - a potion of brilliance {unknown}


   Skills:
 - Level 2.6 Dodging
 - Level 2.6 Stealth
 + Level 2.7 Spellcasting
 + Level 4.5 Summonings


You had 3 spell levels left.
You knew the following spells:

 Your Spells              Type           Power      Damage    Failure   Level
a - Summon Small Mammal   Summ           64%        N/A       3%          1
b - Call Imp              Summ           16%        N/A       4%          2

Your spell library contained the following spells:

 Spells                   Type           Power      Damage    Failure   Level
 Call Canine Familiar     Summ           16%        N/A       9%          3
 Summon Guardian Golem    Hex/Summ       9%         N/A       22%         3
 Summon Lightning Spire   Summ/Air       9%         N/A       58%         4


Dungeon Overview and Level Annotations

Branches:
Dungeon (2/15)

Altars:

Annotations:
D:1 Terence


Innate Abilities, Weirdness & Mutations

You have sharp claws.
You have razor-sharp teeth.
You have supernaturally acute eyesight. (SInv)
You cover ground quickly. (Speed+)
You are covered in fur. (AC +1)
Your paws help you pounce on unaware monsters.
You are incapable of wielding weapons or throwing items.
You cannot wear armour.
You gain extra lives every three experience levels.


Message History

Terence shouts!
You climb upwards.
There is a stone staircase leading down here.
As you read the scroll labelled PAENLURROL, it crumbles to dust.
It is a scroll of identify.
b - a potion of curing
As you read the scroll of identify, it crumbles to dust.
e - a potion of berserk rage
As you read the scroll labelled BIECVAN QATA, it crumbles to dust.
You feel strangely unstable.
It was a scroll of teleportation.
The air fills with toxic fumes!
As you read the scroll labelled TANADA MULAIFA, it crumbles to dust.
It was a scroll of poison.
Your surroundings suddenly seem different.
You start waiting.
Done waiting.
(D) Dungeon
Where to? (Enter - D:2, ? - help)
Things that are here:
5 stones; a +0 short sword
There is a stone staircase leading down here.
You climb downwards.
Level annotation: Terence Terence closely misses you.
There is a stone staircase leading up here.
Terence is nearby!
Terence barely misses you.
You climb upwards.
There is a stone staircase leading down here.
Casting: Call Imp (safe; 4% risk of failure)
Confirm with . or Enter, or press ? or * to list all spells.
A beastly little devil appears in a puff of flame.
Terence completely misses you.
Casting: Call Imp (safe; 4% risk of failure)
Confirm with . or Enter, or press ? or * to list all spells.
Terence hits you with the +7 Throatcutter {drain, coup de grace}!
Ouch! That really hurt!
* * * LOW HITPOINT WARNING * * *
You feel drained.
You die...

#.# #.##.# #
#.# #.##.# #
#.# #.#..# #
#.# ######.#.##
# #.#
#......#.######
#.#
#.####..(......
#.# #.#
#.#.###### #.#
######.# #.#.#
# #.# #.r@@5.#
#.#.# ##.#
#.###### #.#.##
#..# #.#
#....## #.##
#.# #.#.#.####
#.# #.#
#.#......#
####.#####.#
#........#
#....##.##.#
##...###.#
#.####.#.#.#
##### #.. #.#
#.###..# #.#


You could see Terence (ally target), a friendly crimson imp (summoned) and a
friendly rat (summoned).

Vanquished Creatures (collateral kills)
  4 ball pythons (D:1)
  2 endoplasms (D:1)
  A giant cockroach (D:1)
  2 goblins (D:1)
  3 hobgoblins (D:1)
  3 jackals (D:1)
  2 kobolds (D:1)
  5 bats (D:1)
22 creatures vanquished.

Notes
Turn   | Place    | Note
-------+----------+-------------------------------------------
     0 | D:1      | mandoloar the Felid Summoner began the quest for the Orb.
     0 | D:1      | Reached XP level 1. HP: 7/7 MP: 4/4
   433 | D:1      | Reached XP level 2. HP: 11/11 MP: 3/6
   436 | D:1      | Learned a level 2 spell: Call Imp
  1340 | D:2      | Noticed Terence
  1489 | D:1      | Slain by Terence

Illustrated notes

Levels and vault maps discovered:
D:1:      dpeg_arrival_erosion, layout_loops_ring
D:2:      layout_loops_cross, minmay_tetromino_o2, uniq_terence, uniq_robin

Action                   || total
-------------------------++-------
Melee: Unarmed           ||     1
       Bite              ||     1
 Cast: Summon Small Mamm ||    24
       Call Imp          ||    13
  Use: Scroll            ||     4
Armor: Skin              ||     1
Dodge: Dodged            ||    17

Table legend: (Time is in decaauts)
 A = Elapsed time spent in this place.
 B = Non-inter-level travel time spent in this place.
 C = Inter-level travel time spent in this place.
 D = Time resting spent in this place.
 E = Time spent auto-exploring this place.
 F = Levels seen in this place.
 G = Mean time per level.
                   A        B        C        D        E       F      G
               +--------+--------+--------+--------+--------+-----+--------+
         Total |   1348 |   1299 |     49 |    474 |    582 |   2 |  674.0 |
       Dungeon |   1348 |   1299 |     49 |    474 |    582 |   2 |  674.0 |
               +--------+--------+--------+--------+--------+-----+--------+

Top non-repeatable levels by time:
     D:1: 1343 daAuts
     D:2: 4 daAuts
